 Dungeon Crawl Stone Soup version 0.30-a0-149-g7f746667c4 (webtiles) character file.

Game seed: 7552593744674413126

22 Iusername the Shield-Bearer (level 2, -8/27 HPs)
             Began as a Minotaur Fighter on Sept 26, 2022.
             Killed from afar by a white imp (9 damage)
             ... with a puff of frost
             ... summoned by Natasha
             ... on level 4 of the Dungeon.
             The game lasted 00:01:10 (917 turns).

Iusername the Shield-Bearer (Minotaur Fighter)       Turns: 917, Time: 00:01:11

Health: -8/27      AC:  7    Str: 20    XL:     2   Next: 68%
Magic:  1/1        EV:  9    Int:  5    God:
Gold:   49         SH:  4    Dex:  9    Spells: 1/1 levels left

rFire   . . .      SeeInvis .    a - +0 trident
rCold   . . .      Faith    .    c - +0 buckler
rNeg    . . .      Spirit   .    b - +0 scale mail
rPois   .          Reflect  .    (helmet restricted)
rElec   .          Harm     .    (no cloak)
rCorr   .          Rampage  .    (no gloves)
Will    .....                    (no boots)
Stlth   ..........               (no amulet)
HPRegen 0.09/turn                (no ring)
MPRegen 0.07/turn                (no ring)

@: no status effects
A: horns 2, retaliatory headbutt
a: no special abilities


You were on level 4 of the Dungeon.
You visited 1 branch of the dungeon, and saw 3 of its levels.

You collected 49 gold pieces.

Inventory:

Hand Weapons
 a - a +0 trident (weapon)
Armour
 b - a +0 scale mail (worn)
 c - a +0 buckler (worn)
Jewellery
 m - an amulet of regeneration
Scrolls
 e - a scroll of amnesia {unknown}
 g - 2 scrolls of teleportation {unknown}
 j - a scroll of poison {unknown}
 k - a scroll of identify {unknown}
Potions
 d - a potion of might
 f - a potion of ambrosia {unknown}
 h - a potion of cancellation {unknown}
 i - a potion of curing {unknown}
 l - a potion of haste {unknown}


   Skills:
 + Level 3.8 Fighting
 + Level 2.8 Polearms
 + Level 3.9 Armour
 + Level 0.2 Dodging
 + Level 4.2 Shields


You had one spell level left.
You didn't know any spells.
Your spell library contained the following spells:

 Spells                   Type           Power      Damage    Failure   Level
 Arcjolt                  Conj/Air       0%         1d10      100%        5
 Iskenderun's Battlesphe  Conj           0%         2d6       100%        5
 Iron Shot                Conj/Erth      0%         9d1       100%        6
 Spellforged Servitor     Conj/Summ      0%         N/A       100%        7


Dungeon Overview and Level Annotations

Branches:
Dungeon (2/15)

Altars:

Annotations:
D:4 Natasha


Innate Abilities, Weirdness & Mutations

You have a pair of horns on your head.
You reflexively headbutt those who attack you in melee.


Message History

No target in view!
Done exploring.
No target in view!
Done exploring.
You see here a +0 dagger.
There is a shaft here.
There is a stone staircase leading down here.
You can't go up here!
You climb downwards.
The goblin shouts!
Found a pink potion and 5 gold pieces.
Found a faded altar of an unknown god.
Found two stone staircases leading up.
There is a stone staircase leading up here.
A sourceless malevolence fills the Dungeon...
You fall into a shaft and drop 2 floors!
The shaft crumbles and collapses.
A hound simulacrum and Natasha come into view.
Natasha hisses angrily.
An adder zombie comes into view.
Natasha casts a spell.
The hound simulacrum bites the withered plant.
The withered plant begins to crumble.
The hound simulacrum freezes the withered plant!
The withered plant crumbles away.
The hound simulacrum bites something.
The hound simulacrum freezes something.
The white imp shouts, "Scamper hence, thou rank rude-growing bull-brain!"
The white imp gestures at you. The puff of frost hits you!
The white imp gestures at you. The puff of frost hits you!
* * * LOW HITPOINT WARNING * * *
The white imp hits you.
* * * LOW HITPOINT WARNING * * *
The white imp freezes you.
* * * LOW HITPOINT WARNING * * *
You puncture the white imp!
The white imp is severely wounded.
The white imp gestures at you. The puff of frost hits you!
You die...

♣.........#
Z..P♣♣...##.#.#
hP.P♣......#.#
P.P♣♣.#####.#
♣P..♣.......#
♣P.P♣.####..#######
♣P.P♣.............#
♣P.P♣#####.########
♣P...5@.........#
♣♣...####.#..##.#
##### #.#..##.#
#....##.# ###.###.#
#.# #.# #.# #.# #.#
#.# #.# #.#


You could see a white imp (summoned).

Vanquished Creatures
  An endoplasm (D:1)
  4 goblins (D:1)
  4 hobgoblins (D:1)
  2 kobolds (D:1)
  A quokka (D:1)
  2 ball pythons (D:1)
  3 bats (D:1)
  2 rats (D:1)
19 creatures vanquished.

Vanquished Creatures (others)
  15 withered plants (D:4)
15 creatures vanquished.

Grand Total: 34 creatures vanquished

Notes
Turn   | Place    | Note
-------+----------+-------------------------------------------
     0 | D:1      | Iusername the Minotaur Fighter began the quest for the Orb.
     0 | D:1      | Reached XP level 1. HP: 19/19 MP: 0/0
   239 | D:1      | Reached skill level 4 in Shields
   243 | D:1      | Reached XP level 2. HP: 27/27 MP: 1/1
   816 | D:2      | Found a faded altar of an unknown god.
   817 | D:2      | You fall into a shaft and drop 2 floors!
   905 | D:4      | Noticed Natasha
   916 | D:4      | HP: 1/27 [white imp[Natasha] (4)]
   917 | D:4      | Killed from afar by a white imp

Illustrated notes

Levels and vault maps discovered:
D:1:      dpeg_arrival_another_circle, layout_loops_ring
D:2:      minmay_recursive_quarters, layout_basic, basic_altar,
          nicolae_ecumenical_pavilion, st_stairs_11
D:4:      layout_basic, nicolae_yredelemnul_ghost_church,
          dilly_guarded_unrand_morg, uniq_menkaure, uniq_pikel

Skill      XL: |  1 |
---------------+----+-----
Shields        | 4 |  4.2
Fighting       | |  3.8
Polearms       | |  2.8
Armour         | |  3.9
Dodging        | |  0.2

Action                   || total
-------------------------++-------
Melee: Trident           ||    57
       Headbutt          ||     1
Armor: Scale mail        ||    17
Dodge: Dodged            ||    18
Block: Buckler           ||     8

Table legend: (Time is in decaauts)
 A = Elapsed time spent in this place.
 B = Non-inter-level travel time spent in this place.
 C = Inter-level travel time spent in this place.
 D = Time resting spent in this place.
 E = Time spent auto-exploring this place.
 F = Levels seen in this place.
 G = Mean time per level.
                   A        B        C        D        E       F      G
               +--------+--------+--------+--------+--------+-----+--------+
         Total |    928 |    866 |     62 |      0 |    664 |   3 |  309.3 |
       Dungeon |    928 |    866 |     62 |      0 |    664 |   3 |  309.3 |
               +--------+--------+--------+--------+--------+-----+--------+

Top non-repeatable levels by time:
     D:1: 827 daAuts
     D:4: 99 daAuts
     D:2: 0 daAuts
